 Dungeon Crawl Stone Soup version 0.30-a0-986-g7f2e898f52 (webtiles) character file.

Game seed: 11721306936372082593

35 avis the Insei (level 3, -7/29 HPs)
             Began as a Demigod Transmuter on Apr 2, 2023.
             Mangled by a gnoll
             ... wielding a +0 spear
              (8 damage)
             ... on level 2 of the Dungeon.
             The game lasted 00:04:17 (1021 turns).

avis the Insei (Demigod Transmuter)                 Turns: 1021, Time: 00:04:18

Health: -7/29      AC:  2    Str: 11    XL:     3   Next: 2%
Magic:  8/8        EV: 12    Int: 15    God:
Gold:   47         SH:  0    Dex: 18    Spells: 4/5 levels left

rFire   . . .      SeeInvis .      - Unarmed
rCold   . . .      Faith    .    (no shield)
rNeg    . . .      Spirit   .    a - +0 robe
rPois   .          Reflect  .    (helmet currently unavailable)
rElec   .          Rampage  .    (no cloak)
rCorr   .                        (no gloves)
Will    .....                    (boots currently unavailable)
Stlth   ++                       (no amulet)
HPRegen 0.24/turn                (no ring)
MPRegen 0.11/turn                (no ring)

@: appendages (expiring)
A: horns 2, talons 2, high MP 1, forlorn, divine attributes
a: End Transformation


You were on level 2 of the Dungeon.
You had temporarily grown beastly horns and talons.
You visited 1 branch of the dungeon, and saw 2 of its levels.

You collected 47 gold pieces.

Inventory:

Missiles
 c - 3 boomerangs
 d - 5 poisoned darts
Armour
 a - a +0 robe (worn)
Scrolls
 f - a scroll of poison {unknown}
 g - a scroll of magic mapping {unknown}
Potions
 b - a potion of lignification
 e - a potion of attraction {unknown}


   Skills:
 - Level 2.0 Fighting
 - Level 1.7 Dodging
 * Level 3.4 Unarmed Combat
 - Level 1.7 Spellcasting
 - Level 1.7 Transmutations


You had 4 spell levels left.
You knew the following spells:

 Your Spells              Type           Power      Damage    Failure   Level
a - Beastly Appendage     Tmut           12%        N/A       11%         1

Your spell library contained the following spells:

 Spells                   Type           Power      Damage    Failure   Level
 Wereblood                Tmut           6%         N/A       17%         2
 Kiss of Death            Conj/Necr      4%         2d5       22%         1
 Blink                    Tloc           2%         N/A       34%         2
 Spider Form              Tmut/Pois      3%         N/A       43%         3
 Confusing Touch          Hex            1%         N/A       56%         3
 Ice Form                 Ice/Tmut       3%         N/A       85%         4
 Dispel Undead            Necr           1%         3d6       92%         4
 Manifold Assault         Tloc           1%         N/A       92%         4
 Storm Form               Tmut/Air       1%         N/A       100%        7


Dungeon Overview and Level Annotations

Branches:
Dungeon (2/15)

Shops:
D:1 [


Innate Abilities, Weirdness & Mutations

You have temporarily grown beastly horns and talons.
You have an increased reservoir of magic. (+10% MP)
You shall have no god before yourself.
Your divine heritage dramatically boosts your attributes as you level up.


Message History

There is a stone staircase leading down here.
Casting: Beastly Appendage (safe; 11% risk of failure)
Confirm with . or Enter, or press ? or * to list all spells.
You grow a pair of large bovine horns.
Your feet morph into talons.
You climb downwards.
The gnoll shouts!
You hear a shout! x2
Found 11 gold pieces.
There is a stone staircase leading up here.
You now have 47 gold pieces (gained 11).
Your transformation is almost over.
You hit the gnoll.
The gnoll is heavily wounded.
The gnoll hits you with a +0 club.
You barely miss the gnoll. Your kick misses the gnoll.
The gnoll is heavily wounded.
A gnoll comes into view. It is wielding a +0 spear.
The gnoll hits you with a +0 club.
You closely miss the gnoll. You claw the gnoll.
The gnoll is heavily wounded.
The gnoll hits you with a +0 spear. The gnoll hits you with a +0 club.
You barely miss the gnoll. You headbutt the gnoll.
The gnoll is severely wounded.
A giant cockroach comes into view.
The gnoll barely misses you. The gnoll hits you with a +0 club!
You closely miss the gnoll. You claw the gnoll.
You kill the gnoll!
The gnoll hits you with a +0 spear.
* * * LOW HITPOINT WARNING * * *
You have reached level 3!
Your experience leads to a dramatic increase in your attributes!
Increase (S)trength, (I)ntelligence, or (D)exterity?
You feel agile. x4
A gnoll comes into view. It is wielding a +0 flail.
The gnoll hits you from afar with a +0 spear.
* * * LOW HITPOINT WARNING * * *
There is a stone staircase leading up, spattered with blood here.
Things that are here:
a +0 club; a gnoll corpse The gnoll hits you from afar with a +0 spear!
You die...

# # ####.#
#.###...
#.....####...
#...g......
###.#.....
#@# ...
#.g....#
######.#


You could see 2 gnolls.

Vanquished Creatures
  A gnoll (D:2)
  A dart slug (D:1)
  4 ball pythons (D:1)
  An endoplasm (D:1)
  A giant cockroach (D:2)
  3 goblins (D:1)
  2 hobgoblins (D:1)
  2 jackals (D:1)
  A quokka (D:2)
  2 frilled lizards
  A kobold (D:1)
  A rat (D:1)
20 creatures vanquished.

Notes
Turn   | Place    | Note
-------+----------+-------------------------------------------
     0 | D:1      | avis the Demigod Transmuter began the quest for the Orb.
     0 | D:1      | Reached XP level 1. HP: 15/15 MP: 5/5
    29 | D:1      | Reached skill level 1 in Fighting
   465 | D:1      | Reached XP level 2. HP: 24/24 MP: 4/7
   565 | D:1      | Reached skill level 3 in Unarmed Combat
   634 | D:1      | Found Nothreto's Antique Armour Shoppe.
  1020 | D:2      | Reached XP level 3. HP: 6/29 MP: 8/8
  1020 | D:2      | HP: 1/29 [gnoll/+0 spear (5)]
  1021 | D:2      | Mangled by a gnoll

Illustrated notes

Levels and vault maps discovered:
D:1:      minmay_arrival_split_and_join, layout_loops_corners, serial_shops,
          nicolae_square_shop
D:2:      layout_rooms, basic_ecumenical_altar, uniq_crazy_yiuf_cottage

Skill      XL: |  1  2 |
---------------+-------+-----
Fighting       | 2 |  2.0
Unarmed Combat | 3 |  3.4
Dodging        | |  1.7
Spellcasting   | |  1.7
Transmutations | |  1.7

Action                     || total
---------------------------++-------
  Melee: Unarmed           ||    43
         Headbutt          ||     7
         Kick              ||     9
         Punch             ||     1
   Cast: Beastly Appendage ||    16
   Stab: Sleeping          ||     2
 Armour: Robe              ||     9
  Dodge: Dodged            ||    21

Table legend: (Time is in decaauts)
 A = Elapsed time spent in this place.
 B = Non-inter-level travel time spent in this place.
 C = Inter-level travel time spent in this place.
 D = Time resting spent in this place.
 E = Time spent auto-exploring this place.
 F = Levels seen in this place.
 G = Mean time per level.
                   A        B        C        D        E       F      G
               +--------+--------+--------+--------+--------+-----+--------+
         Total |   1018 |    941 |     77 |     20 |    737 |   2 |  509.0 |
       Dungeon |   1018 |    941 |     77 |     20 |    737 |   2 |  509.0 |
               +--------+--------+--------+--------+--------+-----+--------+

Top non-repeatable levels by time:
     D:1: 998 daAuts
     D:2: 20 daAuts
